 Dungeon Crawl Stone Soup version 0.27.1-3-gb3d3a73c9e (webtiles) character file.

Game seed: 11514406891333905171

4 MisterFreud the Skirmisher (level 1, 0/20 HPs)
             Began as a Minotaur Abyssal Knight on Oct 28, 2021.
             Was a Follower of Lugonu.
             Constricted to death by a ball python (1 damage)
             ... on level 1 of the Dungeon.
             The game lasted 00:00:27 (140 turns).

MisterFreud the Skirmisher (Minotaur Abyssal Knight) Turns: 140, Time: 00:00:27

Health: 0/20       AC:  3    Str: 16    XL:     1   Next: 50%
Magic:  1/1        EV:  8    Int:  9    God:    Lugonu [*.....]
Gold:   7          SH:  0    Dex:  9    Spells: 0/0 levels left

rFire    . . .     SeeInvis .   a - +1 falchion
rCold    . . .     Faith    .   (no shield)
rNeg     . . .     Spirit   .   b - +0 leather armour
rPois    .         Reflect  .   (helmet restricted)
rElec    .         Harm     .   (no cloak)
rCorr    .         Rampage  .   (no gloves)
Will     .....                  (no boots)
Stlth    +.........             (no amulet)
HPRegen  0.06/turn              (no ring)
MPRegen  0.07/turn              (no ring)

@: constricted
A: horns 2, retaliatory headbutt
a: Renounce Religion, Depart the Abyss


You were on level 1 of the Dungeon.
You worshipped Lugonu.
Lugonu was aware of your devotion.
You visited 1 branch of the dungeon, and saw 1 of its levels.
You visited the Abyss 1 time.

You collected 7 gold pieces.

Inventory:

Hand Weapons
 a - a +1 falchion (weapon)
Armour
 b - a +0 leather armour (worn)
Scrolls
 c - a scroll of immolation {unknown}
 d - a scroll of noise {unknown}
Potions
 e - a potion of ambrosia {unknown}


   Skills:
 * Level 4.0 Fighting
 - Level 2.4 Long Blades
 - Level 2.4 Armour
 - Level 1.1 Dodging
 - Level 1.7 Invocations


You couldn't memorise any spells.
You didn't know any spells.
Your spell library was empty.

Dungeon Overview and Level Annotations

Branches:
Dungeon (1/15)

Altars:


Innate Abilities, Weirdness & Mutations

You have a pair of horns on your head.
You reflexively headbutt those who attack you in melee.


Message History

A gnoll comes into view. It is wielding a +0 flail.
You closely miss the quokka.
The gnoll shouts!
You headbutt the quokka.
You kill the quokka!
Lugonu accepts your kill.
Your Fighting skill increases to level 4!
The goblin hits you with a +0 club.
There are monsters nearby!
You barely miss the goblin. The goblin closely misses you.
You furiously retaliate!
You headbutt the goblin.
There are monsters nearby!
You barely miss the goblin. Your headbutt misses the goblin.
The goblin is heavily wounded.
The ball python barely misses you. The ball python completely misses you.
The goblin hits you but does no damage. The ball python bites you.
The ball python grabs you. The ball python constricts you.
The goblin hits you with a +0 club.
You closely miss the ball python. Your headbutt misses the ball python.
The ball python bites you. The ball python constricts you.
The goblin hits you but does no damage. The gnoll hits you with a +0 flail!
* * * LOW HITPOINT WARNING * * *
There are monsters nearby!
You are too injured to fight recklessly!
Unknown command.
Unknown command.
You escape the ball python's grasp.
The ball python bites you.
* * * LOW HITPOINT WARNING * * *
The ball python grabs you. The ball python constricts you.
* * * LOW HITPOINT WARNING * * *
The ball python's grasp on you weakens, but your attempt to escape fails.
The ball python bites you but does no damage.
The ball python constricts you.
* * * LOW HITPOINT WARNING * * *
The goblin hits you with a +0 club.
* * * LOW HITPOINT WARNING * * *
The ball python bites you but does no damage.
The ball python constricts you.
You die...

#........>.......#
#..$......)......#
##.............##.#
..............###.#
................#.#####
.......†..#.###........
.###.#....g.# ###..####
#....#.#Sg# #..# ###
#..#.#.##@### #..####.+###
....#...##...###..#........
.## #...####.##.......#.##.
....####†##...#####.##.
..#.>........##...#'##.
#...##..##.#.....###. #..
#.....#..<..# ⌠.
#..#####....#.....# #.
#...........##^..#+ ##


You could see a gnoll, a goblin and a ball python.

Vanquished Creatures
  An endoplasm (D:1)
  A quokka (D:1)
  A frilled lizard (D:1)
  A kobold (D:1)
4 creatures vanquished.

Notes
Turn   | Place    | Note
-------+----------+-------------------------------------------
     0 | Abyss:1  | MisterFreud the Minotaur Abyssal Knight began the quest for
                  | the Orb.
     0 | Abyss:1  | Reached XP level 1. HP: 19/19 MP: 1/1
     9 | D:1      | Escaped the Abyss
   131 | D:1      | Reached skill level 4 in Fighting
   140 | D:1      | HP: 1/20 [goblin (2)]
   140 | D:1      | Constricted to death by a ball python

Illustrated notes

Levels and vault maps discovered:
D:1:      noname_arrival_rooms_in_the_neighbourhood, layout_rooms,
          minmay_unequal

Skill      XL: |  1 |
---------------+----+-----
Fighting       | 4 |  4.0
Long Blades    | |  2.4
Armour         | |  2.4
Dodging        | |  1.1
Invocations    | |  1.7

Action                   || total
-------------------------++-------
Melee: Falchion          ||     7
       Headbutt          ||     2
Armor: Leather armour    ||     7
Dodge: Dodged            ||     4
       Rpst.: Falchion   ||     1
